 Dungeon Crawl Stone Soup version 0.21-a0-401-g0b6bec4 (webtiles) character file.

1599 Piramida the Carver (level 8, -2/64 HPs)
             Began as a Minotaur Fighter on Oct 24, 2017.
             Was an Initiate of Trog.
             Shot with an arrow by a centaur (6 damage)
             ... on level 5 of the Dungeon.
             The game lasted 00:31:50 (3986 turns).

Piramida the Carver (Minotaur Fighter)              Turns: 3986, Time: 00:31:54

Health: -2/64      AC: 12    Str: 23    XL:     8   Next: 62%
Magic:  7/7        EV:  5    Int:  5    God:    Trog [......]
Gold:   222        SH:  9    Dex: 12    Spells: 7/7 levels left

rFire    + . .     SeeInvis .   a - +0 long sword
rCold    x . .     Gourm    .   i - +0 shield
rNeg     . . .     Faith    .   q - +0 chain mail
rPois    .         Spirit   .   (helmet restricted)
rElec    .         Reflect  .   (no cloak)
rCorr    .         Harm     .   A - +2 pair of gloves
MR       .....                  (no boots)
Stlth    ..........             (no amulet)
HPRegen  0.20/turn              n - ring of fire
MPRegen  0.10/turn              C - +2 ring of dexterity

@: no status effects
A: retaliatory headbutt, horns 2
a: Burn Spellbooks, Renounce Religion


You were on level 5 of the Dungeon.
You worshipped Trog.
Trog was noncommittal.
You were hungry.

You visited 1 branch of the dungeon, and saw 8 of its levels.

You collected 222 gold pieces.

Inventory:

Hand Weapons
 a - a +0 long sword (weapon)
 h - a +1 falchion of draining
Armour
 i - a +0 shield (worn)
 q - a +0 chain mail (worn)
 A - a +2 pair of gloves (worn)
Jewellery
 n - a ring of fire (left hand)
 C - a +2 ring of dexterity (right hand)
Wands
 b - a wand of enslavement (19/24)
 k - a wand of iceblast (6/15)
 t - a wand of digging (12/24)
 u - a wand of iceblast (4/15)
 B - a wand of lightning (6/15)
Scrolls
 d - a scroll of brand weapon {unknown}
 e - 6 scrolls of teleportation
 g - a scroll of noise {unknown}
 m - 3 scrolls of remove curse
 o - 2 scrolls of amnesia {unknown}
 s - a scroll of random uselessness {unknown}
 x - 2 scrolls of immolation {unknown}
 z - 2 scrolls of blinking {unknown}
Potions
 j - a potion of lignification
 p - a potion of heal wounds
 r - a potion of curing {unknown}
 v - a potion of brilliance
 w - a potion of mutation {unknown}
 D - a potion of might
Books
 y - a book of Power

   Spells                             Type                      Level
   a - Iskenderun's Battlesphere      Conjuration/Charms           5
   b - Venom Bolt                     Conjuration/Poison           5
   c - Bolt of Magma                  Conjuration/Fire/Earth       5
   d - Iron Shot                      Conjuration/Earth            6
   e - Orb of Destruction             Conjuration                  7
   f - Spellforged Servitor           Conjuration/Summoning        7
   Trog disapproves of the use of such an item.
Comestibles
 f - 5 bread rations
 l - 4 royal jellies


   Skills:
 - Level 3.6 Fighting
 * Level 12.8 Long Blades
 - Level 3.6 Armour
 - Level 0.1 Dodging
 - Level 3.6 Shields


You had 7 spell levels left.
You didn't know any spells.

Dungeon Overview and Level Annotations

Branches:
Dungeon (8/15)
 Temple: D:4-7         Lair: D:8-11

Altars:
Dithmenos
Kikubaaqudgha
Ru
Trog
Uskayaw
Wu Jian
Xom
Zin

Portals:
Ossuary: D:7

Annotations:
D:4 ohados's ghost, amateur TrWr


Innate Abilities, Weirdness & Mutations

You reflexively headbutt those who attack you in melee.
You have a pair of horns on your head.


Message History

The ice beast hits you but does no damage.
You slash the ice beast!
The ice beast is moderately wounded.
The centaur shoots an arrow.
You block the arrow. You block the ice beast's attack.
You hit the ice beast but do no damage.
The ice beast is moderately wounded.
The centaur shoots an arrow.
You block the arrow.
You hit the ice beast.
You headbutt the ice beast, but do no damage.
The ice beast is moderately wounded.
The centaur shoots an arrow.
You block the arrow. The ice beast hits you. The ice beast freezes you!!
You feel a terrible chill!
You slash the ice beast!
The ice beast is severely wounded.
The centaur shoots an arrow.
The arrow hits you but does no damage. The ice beast hits you.
The ice beast freezes you!!
You feel a terrible chill!
* * * LOW HITPOINT WARNING * * *
The centaur shoots an arrow.
The arrow hits you.
You die...

.# #.# # .... ... .#
..#.# #.# .#
...........#
..#.#.#.#..##
...c..J....
..#.#.#Y#.#
.......@..####.
>..............
#.......
#######(.(#####
#......
###...(#..######.....
#....†..............
########.......##..
#######........#.#
#....#####..#....#####
####.......<..........


You could see an ice beast, a centaur and an ooze.

Vanquished Creatures
  Prince Ribbit (D:6)
  Sigmund (D:2)
  A hungry ghost (D:7)
  A black bear (D:6)
  3 ogres
  3 bullfrogs (D:6)
  A scorpion (D:5)
  A howler monkey (D:6)
  3 crimson imps (D:5)
  A centaur zombie (D:5)
  2 hounds
  A bullfrog skeleton (D:7)
  3 worker ants
  A worker ant zombie (D:5)
  3 gnolls
  6 adders
  2 oozes (D:1)
  2 adder skeletons (D:5)
  3 worms
  4 leopard geckos
  10 orcs
  2 giant cockroaches
  9 goblins
  8 hobgoblins
  11 jackals
  2 quokkas
  A ball python (D:2)
  10 bats
  9 frilled lizards
  13 kobolds
  A leopard gecko skeleton (D:6)
  8 rats
127 creatures vanquished.

Vanquished Creatures (others)
  A plant (D:5)
1 creature vanquished.

Grand Total: 128 creatures vanquished

Notes
Turn   | Place    | Note
-------+----------+-------------------------------------------
     0 | D:1      | Piramida the Minotaur Fighter began the quest for the Orb.
     0 | D:1      | Reached XP level 1. HP: 19/19 MP: 0/0
    40 | D:1      | Reached skill level 3 in Long Blades
   103 | D:1      | Reached XP level 2. HP: 26/26 MP: 1/1
   336 | D:1      | Reached skill level 4 in Long Blades
   356 | D:1      | Reached XP level 3. HP: 28/31 MP: 2/2
  1036 | D:2      | Reached skill level 5 in Long Blades
  1174 | D:2      | Reached XP level 4. HP: 37/39 MP: 3/3
  1499 | D:2      | Noticed Sigmund
  1508 | D:2      | Killed Sigmund
  1508 | D:2      | Reached skill level 7 in Long Blades
  1508 | D:2      | Reached XP level 5. HP: 23/45 MP: 4/4
  1637 | D:2      | Reached XP level 6. HP: 42/51 MP: 5/5
  1717 | D:4      | Noticed ohados's ghost (amateur TrWr)
  1936 | D:3      | Reached skill level 8 in Long Blades
  2269 | D:4      | You fall through a shaft for 3 floors!
  2287 | D:7      | Found a sand-covered staircase.
  2290 | D:7      | Noticed a hungry ghost
  2295 | D:7      | Killed a hungry ghost
  2305 | D:7      | Reached skill level 9 in Long Blades
  2328 | D:7      | Reached XP level 7. HP: 57/57 MP: 6/6
  2563 | D:6      | Reached skill level 10 in Long Blades
  3230 | D:6      | Reached skill level 11 in Long Blades
  3247 | D:5      | Entered Level 5 of the Dungeon
  3247 | D:5      | Noticed Prince Ribbit
  3271 | D:6      | Reached XP level 8. HP: 30/64 MP: 7/7
  3275 | D:6      | Killed Prince Ribbit
  3567 | D:5      | Found a shadowy altar of Dithmenos.
  3573 | D:5      | Reached skill level 12 in Long Blades
  3800 | D:5      | Found a bloodstained altar of Trog.
  3801 | D:5      | Found a hide-covered altar of Uskayaw.
  3809 | D:5      | Found a glowing silver altar of Zin.
  3823 | D:5      | Found a shimmering altar of Xom.
  3826 | D:5      | Found a sacrificial altar of Ru.
  3826 | D:5      | Found an ornate altar of the Wu Jian Council.
  3827 | D:5      | Found an ancient bone altar of Kikubaaqudgha.
  3892 | D:5      | Became a worshipper of Trog the Wrathful
  3986 | D:5      | Shot with an arrow by a centaur

Vault maps used:
D:1:      erik_arrival_gehennom, minmay_box_of_dots
D:2:      hangedman_decor_slide_cut, uniq_sigmund
D:4:      first_bread
D:5:      grunt_temple_overflow_open, st_stairs_2, chequers_big_river,
          nicolae_dithmenos_the_darkroom, uniq_prince_ribbit1
D:7:      minmay_temple_entry_nine_rooms, lightli_ossuary_entry_decrepit_ruins
D:8:      lair_entry_dummy, grunt_livestock, uniq_pikel, uniq_joseph

Skill      XL: |  1  2  3  4  5  6  7  8 |
---------------+-------------------------+-----
Long Blades    | 3 4 5 7 9 11 12 | 12.8
Fighting       | |  3.6
Armour         | |  3.6
Dodging        | |  0.1
Shields        | |  3.6

Action                   |  1- 3 |  4- 6 |  7- 9 || total
-------------------------+-------+-------+-------++-------
Melee: Long sword        |   109 |    34 |   140 ||   283
       Headbutt          |    12 |    14 |    30 ||    56
       Falchion          |       |    49 |       ||    49
  Use: Scroll            |     1 |     6 |     3 ||    10
       Potion            |       |     1 |     1 ||     2
  Eat: Chunk             |       |     3 |     4 ||     7
       Meat ration       |       |     1 |       ||     1
Armor: Scale mail        |    41 |    19 |       ||    60
       Chain mail        |       |    23 |    63 ||    86
Dodge: Dodged            |    41 |    16 |    25 ||    82
Block: Shield            |    44 |    48 |    61 ||   153
       Rpst.: Long sword |    12 |       |     6 ||    18
       Falchion          |       |     4 |       ||     4

Table legend:
 A = Spawn XP
 B = Non-spawn XP
 C = Spawn XP percentage of total XP
 D = Spawn monster count
 E = Non-spawn monster count
 F = Spawn count percentage of total count
 G = Total turns spent on level
                    A         B        C        D         E        F      G
               +---------+---------+-------+---------+---------+-------+---------
         Total |       0 |    2285 |   0.0 |       0 |     127 |   0.0 |  3986
               +---------+---------+-------+---------+---------+-------+---------
           D:1 |       0 |      98 |   0.0 |       0 |      40 |   0.0 |  1063
           D:2 |       0 |     291 |   0.0 |       0 |      30 |   0.0 |   593
           D:3 |       0 |      78 |   0.0 |       0 |      16 |   0.0 |   584
           D:5 |       0 |     596 |   0.0 |       0 |      18 |   0.0 |   499
           D:6 |       0 |     848 |   0.0 |       0 |      18 |   0.0 |  1141
           D:7 |       0 |     374 |   0.0 |       0 |       5 |   0.0 |    75
               +---------+---------+-------+---------+---------+-------+---------
